 Dungeon Crawl Stone Soup version 0.31.0-12-g77e489cdc1 (webtiles) character file.

Game seed: 4933490454638108911

882 PriceMaster the Magician (level 8, 0/47 HPs)
             Began as an Octopode Fire Elementalist on Feb 24, 2024.
             Was an Initiate of Gozag.
             Slain by Pikel
             ... wielding a +1 whip of electrocution
              (8 damage)
             ... on level 4 of the Dungeon on Feb 25, 2024.
             The game lasted 00:17:13 (5861 turns).

PriceMaster the Magician (OpFE)                     Turns: 5861, Time: 00:17:15

Health: 0/47       AC:  3    Str:  6    XL:     8   Next: 5%
Magic:  2/15       EV: 14    Int: 18    God:    Gozag
Gold:   170        SH:  0    Dex: 17    Spells: 4/16 levels left

rFire   . . .        b - +0 dire flail (protect)
rCold   . . .        (shield currently unavailable)
rNeg    . . .        (helmet restricted)
rPois   .            (no amulet)
rElec   .            (no ring)
rCorr   .            (no ring)
SInv    .            (no ring)
Will    .....        (no ring)
Stlth   ++++         (no ring)
HPRegen 0.27/turn    (no ring)
MPRegen 0.14/turn    (no ring)
                     (no ring)

%: clarity
@: no status effects
A: almost no armour, amphibious, 8 rings, camouflage 1, gelatinous body 1,
(nimble swimmer 1), tentacles, iridescent scales 1, agile 1, clarity
a: Renounce Religion, Potion Petition, Call Merchant, Bribe Branch


You were on level 4 of the Dungeon.
You worshipped Gozag.
Gozag was aware of your devotion.
You visited 1 branch of the dungeon, and saw 4 of its levels.

You collected 419 gold pieces.
You spent 168 gold pieces at shops.
You paid 81 gold pieces to Gozag.

Inventory:

Hand Weapons
 b - a +0 dire flail of protection (weapon)
 g - a +2 short sword of flaming
Jewellery
 h - an amulet of regeneration
Scrolls
 c - a scroll of brand weapon
 k - 2 scrolls of revelation {unknown}
 n - a scroll of noise
 o - 3 scrolls of teleportation {unknown}
Potions
 a - a potion of berserk rage {unknown}
 i - a potion of enlightenment
 j - a potion of haste {unknown}
 l - a potion of cancellation {unknown}
 m - 2 potions of curing {unknown}
 r - a potion of degeneration {unknown}


   Skills:
 + Level 0.5 Fighting
 + Level 0.3 Short Blades
 + Level 2.4 Dodging
 + Level 3.6 Stealth
 + Level 4.8 Spellcasting
 * Level 3.4 Conjurations
 + Level 2.7 Hexes
 + Level 4.7 Fire Magic
 * Level 2.0 Air Magic
 + Level 2.2 Alchemy


You had 4 spell levels left.
You knew the following spells:

 Your Spells              Type           Power      Damage    Failure   Level
a - Foxfire               Conj/Fire      76%        2x1d7     2%          1
b - Mercury Vapours       Alch/Air       24%        N/A       9%          2
c - Inner Flame           Hex/Fire       17%        N/A       9%          3
d - Conjure Ball Lightni  Conj/Air       7%         3x3d6     100%        6

Your spell library contained the following spells:

 Spells                   Type           Power      Damage    Failure   Level
 Scorch                   Fire           42%        2d6       3%          2
 Sting                    Conj/Alch      56%        1d6       4%          1
 Volatile Blastmotes      Fire/Tloc      24%        2d12      16%         3
 Lesser Beckoning         Tloc           8%         N/A       21%         2
 Flame Wave               Conj/Fire      19%        2d7       24%         4
 Gell's Gravitas          Tloc           4%         N/A       38%         3
 Teleport Other           Tloc           4%         N/A       38%         3
 Olgreb's Toxic Radiance  Alch           12%        N/A       47%         4
 Discord                  Hex            7%         N/A       100%        8
 Disjunction              Tloc           2%         N/A       100%        8


Dungeon Overview and Level Annotations

Branches:
Dungeon (4/15)
 Temple: D:4-7

Altars:
Gozag

Shops:
D:3 !!=

Annotations:
D:4 Dowan, Grinder, Pikel


Innate Abilities, Weirdness & Mutations

You cannot wear most types of armour.
You are amphibious.
You can wear up to eight rings at the same time.
Your skin changes colour to match your surroundings (Stealth+).
Your rubbery body absorbs attacks. (AC +1, EV +1)
((You are camouflaged when in or above water. (Stealth+)))
You have tentacles for arms and can constrict up to eight enemies at once.
You are partially covered in iridescent scales. (AC +2)
You are agile. (Dex +4, Str/Int -1)
You possess an exceptional clarity of mind.


Message History

Confirm with . or Enter, or press ? or * to list all spells.
You conjure some foxfire!
You constrict Grinder. Grinder gestures at you.
You suddenly lose the ability to move!
You lose your grip on Grinder.
A lemure comes into view.
Pikel hits you with a +1 whip of electrocution.
The foxfire hits Grinder.
Grinder is moderately wounded.
Grinder hits you.
You writhe in agony.
Pikel barely misses you. Grinder gestures at you.
Pain shoots through your body!
Pikel hits you with a +1 whip of electrocution.
Grinder hits you!
Pikel hits you with a +1 whip of electrocution.
You can move again.
The lemure shouts! x2
Grinder grins, showing sharp teeth.
Grinder gestures at you.
You shrug off the repeated paralysis!
Unknown command.
Grinder attacks as she pursues you! Grinder hits you!
* * * LOW HITPOINT WARNING * * *
You writhe in agony.
* * * LOW HITPOINT WARNING * * *
You feel much better.
Grinder blinks!
Things that are here:
a +0 dagger; 4 poisoned darts Pikel attacks as he pursues you!
Pikel hits you with a +1 whip of electrocution!
You are electrocuted!
* * * LOW HITPOINT WARNING * * *
Pikel attacks as he pursues you! Pikel misses you.
Okay, then.
As you read the scroll labelled VOFEMO ZOATODAOTS, it crumbles to dust.
The creatures around you are filled with an inner flame!
It was a scroll of immolation.
Pikel hits you with a +1 whip of electrocution!
You die...
Pikel says, "Another soul for the market."
Your body crumbles into a pile of gold.

#........$$5##.#
###########..5.#
####.# #######)#
#......5#
#......5# ##
#.......# .#
#######K# .# #@#
.# #.# .########
#.# #.......# #.#
#.......##.# #.#
#.......##.### #.#
#.......##...###.#
#....)........##.#
#...........#....#


You could see Pikel (inner flame), Grinder and 2 lemures.

Vanquished Creatures
  Sigmund (D:4)
  Edmund (D:4)
  An ogre (D:4)
  A lemure (D:4)
  A gnoll bouda (D:3)
  The ghost of middlethird the Conjurer, a weakling VSCj (D:3)
  A jelly (D:3)
  An orc priest (D:3)
  5 iguanas
  2 scorpion zombies (D:4)
  An orc wizard (D:3)
  A hound zombie (D:4)
  7 gnolls (D:2)
  An adder (D:2)
  2 adder zombies (D:4)
  An adder skeleton (D:4)
  2 dart slugs
  13 orcs
  8 bats
  4 endoplasms
  6 giant cockroaches
  8 goblins
  7 hobgoblins
  7 kobolds
  2 quokkas
  4 ball pythons
  2 frilled lizards (D:1)
  6 rats
97 creatures vanquished.

Vanquished Creatures (others)
  203 foxfires
203 creatures vanquished.

Grand Total: 300 creatures vanquished

Notes
Turn   | Place    | Note
-------+----------+-------------------------------------------
     0 | D:1      | PriceMaster the Octopode Fire Elementalist began the quest
                  | for the Orb.
     0 | D:1      | Reached XP level 1. HP: 11/11 MP: 3/3
   302 | D:1      | Reached XP level 2. HP: 17/17 MP: 3/5
   305 | D:1      | Learned a level 2 spell: Mercury Vapours
   656 | D:1      | Reached XP level 3. HP: 21/21 MP: 2/6
   819 | D:1      | Learned a level 3 spell: Inner Flame
  2077 | D:2      | Reached XP level 4. HP: 27/27 MP: 3/8
  2463 | D:2      | Reached skill level 1 in Alchemy
  2754 | D:2      | Reached XP level 5. HP: 28/31 MP: 4/9
  3366 | D:3      | Found a runed translucent gate.
  3367 | D:3      | Found a runed translucent gate.
  3367 | D:3      | Found a runed translucent gate.
  3369 | D:3      | Found an opulent altar of Gozag.
  3378 | D:3      | Noticed middlethird's ghost (weakling VSCj)
  3438 | D:3      | Found Juumed's Distillery.
  3451 | D:3      | Bought a potion of mutation for 88 gold pieces
  3451 | D:3      | Gained mutation: You are partially covered in iridescent
                  | scales. (AC +2) [potion of mutation]
  3452 | D:3      | Lost mutation: You are partially covered in iridescent
                  | scales. (AC +2) [potion of mutation]
  3452 | D:3      | Gained mutation: You have hidden genetic potential. [potion
                  | of mutation]
  3452 | D:3      | Gained mutation: You possess an exceptional clarity of
                  | mind. [potion of mutation]
  3504 | D:3      | Found Zisedill's Jewellery Shop.
  3918 | D:3      | Found Veuhom's Distillery.
  3926 | D:3      | Bought a potion of magic for 80 gold pieces
  3975 | D:3      | Reached skill level 1 in Hexes
  3975 | D:3      | Reached XP level 6. HP: 36/36 MP: 6/11
  4727 | D:3      | Killed middlethird's ghost
  4734 | D:3      | Gained mutation: You are partially covered in iridescent
                  | scales. (AC +2) [hidden potential]
  4784 | D:3      | Became a worshipper of Gozag Ym Sagoz the Greedy
  4822 | D:4      | Learned a level 6 spell: Conjure Ball Lightning
  4934 | D:4      | Noticed Sigmund
  4944 | D:4      | Killed Sigmund
  4945 | D:4      | Reached skill level 1 in Air Magic
  4945 | D:4      | Reached XP level 7. HP: 37/41 MP: 2/13
  5148 | D:4      | Noticed Edmund
  5156 | D:4      | Killed Edmund
  5157 | D:4      | Gained mutation: You are agile. (Dex +4, Str/Int -1)
                  | [hidden potential]
  5157 | D:4      | Lost mutation: You have hidden genetic potential. [hidden
                  | potential expressed]
  5790 | D:4      | Reached XP level 8. HP: 47/47 MP: 9/15
  5836 | D:4      | Noticed Grinder
  5840 | D:4      | Noticed Pikel
  5841 | D:4      | Noticed Dowan
  5847 | D:4      | Paralysed by Grinder for 4 turns
  5861 | D:4      | Slain by Pikel

Illustrated notes

Levels and vault maps discovered:
D:1:      orjb1_lava_funnel, layout_loops_ring, minmay_ruptured
D:2:      layout_loops_ring, wad_orctagon
D:3:      layout_rooms, ebering_ghost_gozag, serial_shops,
          nicolae_shop_waterfront, nicolae_shop_hallway_plus,
          nicolae_shop_industrial_runoff, kennysheep_orc_chapel
D:4:      minmay_wonky_spiral, layout_basic, serial_shops, shop, serial_undead,
          serial_undead_f, serial_undead_e, serial_undead_c, serial_undead_a,
          minmay_liquid_box, uniq_edmund, uniq_grinder, uniq_sigmund,
          uniq_pikel, uniq_duvessa, uniq_menkaure

Skill      XL: |  1  2  3  4  5  6  7 |
---------------+----------------------+-----
Spellcasting   | 3 4 |  4.8
Alchemy        | 1 2 |  2.2
Stealth        | 3 |  3.6
Conjurations   | 2 3 |  3.4
Hexes          | 1 2 |  2.7
Fire Magic     | 4 |  4.7
Air Magic      | 1 2 |  2.0
Fighting       | |  0.5
Short Blades   | |  0.3
Dodging        | |  2.4

Action                     |  1- 3 |  4- 6 |  7- 9 || total
---------------------------+-------+-------+-------++-------
  Melee: Unarmed           |     4 |       |       ||     4
         Constrict         |     7 |     2 |     1 ||    10
         Tentacles         |     3 |     1 |       ||     4
         Short sword       |    25 |    10 |     1 ||    36
         Dire flail        |       |       |    18 ||    18
   Cast: Foxfire           |    53 |    36 |    35 ||   124
         Mercury Vapours   |     6 |    11 |     6 ||    23
         Inner Flame       |     8 |    18 |    12 ||    38
    Use: Potion            |     1 |     8 |     3 ||    12
         Scroll            |       |     7 |     1 ||     8
   Stab: Sleeping          |       |     2 |       ||     2
 Armour: Skin              |    22 |    24 |    35 ||    81
  Dodge: Dodged            |    28 |     9 |    13 ||    50
